 Dungeon Crawl Stone Soup version 0.31.0-11-ge490571c62 (webtiles) character file.

Game seed: 4429744789044755172

225 qw the Skirmisher (level 5, -1/30 HPs)
             Began as a Deep Elf Hunter on Feb 4, 2024.
             Succumbed to a kobold's poison
             ... on level 4 of the Dungeon.
             The game lasted 00:00:12 (2469 turns).

qw the Skirmisher (Deep Elf Hunter)                 Turns: 2469, Time: 00:00:12

Health: -1/30      AC:  5    Str: 10    XL:     5   Next: 68%
Magic:  7/7        EV: 11    Int: 14    God:
Gold:   126        SH:  0    Dex: 18    Spells: 4/4 levels left

rFire   . . .        a - +0 shortbow
rCold   . . .        (shield currently unavailable)
rNeg    . . .        d - +0 ring mail
rPois   .            (no helmet)
rElec   .            (no cloak)
rCorr   .            (no gloves)
SInv    .            (no boots)
Will    .....        (no amulet)
Stlth   +            (no ring)
HPRegen 0.25/turn    (no ring)
MPRegen 0.10/turn

%: no passive effects
@: brilliant, lethally poisoned (-1 -> -14), attractive
A: no striking features
a: no special abilities


You were on level 4 of the Dungeon.
You visited 1 branch of the dungeon, and saw 4 of its levels.

You collected 126 gold pieces.


   Skills:
 - Level 2.0 Fighting
 + Level 9.0 Ranged Weapons
 - Level 2.4 Dodging
 - Level 1.2 Stealth


You had 4 spell levels left.
You didn't know any spells.
Your spell library was empty.

Inventory:

Hand Weapons
 a - a +0 shortbow (weapon)
Armour
 d - a +0 ring mail (worn)
Wands
 c - a wand of polymorph (14)
Potions
 e - a potion of enlightenment

Dungeon Overview and Level Annotations

Branches:
Dungeon (4/15)
 Temple: D:4-7

Altars:
Elyvilon

Shops:
D:1 [


Message History

You kill the kobold!
The orc barely misses you.
You shoot an arrow. The arrow closely misses the orc.
The orc closely misses you.
You shoot an arrow. The arrow hits the orc.
The orc is severely wounded.
The orc closely misses you.
You shoot an arrow. The arrow hits the orc!
You kill the orc!
You climb downwards.
The kobold barely misses you. The orc hits you with a +0 mace.
The endoplasm freezes you.
You are frozen.
The kobold hits you with a +2 short sword of venom.
You are poisoned.
The endoplasm hits you. The orc hits you with a +0 mace.
The orc wizard is attracted toward you.
There is a stone staircase leading up, spattered with blood here.
You shoot an arrow.
The arrow closely misses the orc wizard.
You feel very sick. The orc misses you. The orc wizard barely misses you.
The endoplasm freezes you.
You are frozen.
The kobold closely misses you.
2467 ||| DRINKING potion of heal wounds.
You feel much better.
You feel sick. The kobold hits you but does no damage.
You are lethally poisoned!
The orc barely misses you. The orc wizard barely misses you.
The endoplasm freezes you.
You are frozen.
You shoot an arrow.
The arrow completely misses the orc wizard.
You feel very sick. The kobold barely misses you.
The orc hits you but does no damage.
The orc wizard hits you but does no damage.
The endoplasm freezes you.
You are frozen.
You shoot an arrow. The arrow misses the orc wizard.
You die...

....####.......
...............
#..............
.............
............
#####......>...
......oK.......
.....(.@o......
......J........
...............
..#####........
. #........
#........
#########


You could see an orc wizard, an orc, an endoplasm and a kobold.

Vanquished Creatures
  Sigmund (D:2)
  2 adders (D:3)
  2 dart slugs (D:3)
  2 orcs (D:3)
  6 endoplasms
  A giant cockroach (D:2)
  A goblin (D:2)
  5 hobgoblins
  A quokka (D:1)
  2 ball pythons
  4 bats
  A frilled lizard (D:3)
  7 kobolds
  3 rats
38 creatures vanquished.

Notes
Turn   | Place    | Note
-------+----------+-------------------------------------------
     0 | D:1      | qw the Deep Elf Hunter began the quest for the Orb.
     0 | D:1      | Reached XP level 1. HP: 12/12 MP: 3/3
     0 | D:1      | 0 ||| qw: Version: 0.3-a-160-g6735b56
     0 | D:1      | 0 ||| qw: Game counter: 6023
     0 | D:1      | 0 ||| qw: Melee chars always use a shield: true
     0 | D:1      | 0 ||| qw: God list: Okawaru
     0 | D:1      | 0 ||| qw: Allow faded altars: false
     0 | D:1      | 0 ||| qw: Do Orc after clearing Dungeon:15 true
     0 | D:1      | 0 ||| qw: Do second Lair branch before Depths: true
     0 | D:1      | 0 ||| qw: Lair rune preference: random
     0 | D:1      | 0 ||| qw: Goals: Normal
     0 | D:1      | 0 ||| PLANNING D:1-11
    46 | D:1      | Found Ponoux's Armour Boutique.
    53 | D:1      | 53 ||| SHOPLISTING +0 pair of boots (49 gold, have 14).
    53 | D:1      | 53 ||| SHOPLISTING +0 pair of gloves (49 gold, have 14).
    53 | D:1      | 53 ||| SHOPLISTING +3 leather armour of cold resistance
                  | (264 gold, have 14).
   580 | D:1      | 580 ||| UPGRADING to +0 ring mail.
   590 | D:1      | 590 ||| DROPPING +0 leather armour.
   615 | D:1      | 615 ||| READING scroll labelled CYEVVOSSOT.
   616 | D:1      | 616 ||| DROPPING scroll of butterflies.
   630 | D:2      | 630 ||| STAIRDANCE
   654 | D:2      | Reached XP level 2. HP: 10/16 MP: 4/4
   713 | D:2      | Reached skill level 6 in Ranged Weapons
  1045 | D:2      | Noticed Sigmund
  1054 | D:2      | HP: 1/16 [something (10)]
  1056 | D:2      | Killed Sigmund
  1057 | D:2      | Reached skill level 8 in Ranged Weapons
  1057 | D:2      | Reached XP level 3. HP: 2/20 MP: 5/5
  1057 | D:2      | Reached XP level 4. HP: 2/25 MP: 6/6
  1057 | D:2      | Reached XP level 5. HP: 3/29 MP: 7/7
  1401 | D:2      | 1401 ||| READING scroll labelled RIULLI LEUD.
  1581 | D:3      | Found a white marble altar of Elyvilon.
  1813 | D:3      | Reached skill level 9 in Ranged Weapons
  2145 | D:3      | Found a faded altar of an unknown god.
  2248 | D:3      | 2248 ||| READING 2 scrolls labelled NUHOEV ITHA.
  2248 | D:3      | 2248 ||| IDENTIFYING amethyst potion
  2249 | D:3      | 2249 ||| READING scroll of identify.
  2249 | D:3      | 2249 ||| IDENTIFYING fizzy brown potion
  2250 | D:3      | 2250 ||| READING 2 scrolls labelled QIOLALA TAAP.
  2251 | D:3      | 2251 ||| DROPPING scroll of poison.
  2253 | D:3      | 2253 ||| Stepping ~*~*~tactically~*~*~ (cloud).
  2427 | D:4      | 2427 ||| STAIRDANCE
  2454 | D:4      | 2454 ||| STAIRDANCE
  2456 | D:3      | 2456 ||| DRINKING murky sapphire potion.
  2457 | D:3      | 2457 ||| DRINKING fizzy ruby potion.
  2466 | D:4      | HP: 6/30 [poisoned by a kobold]
  2466 | D:4      | HP: 1/30 [frozen (5)]
  2467 | D:4      | 2467 ||| DRINKING potion of heal wounds.
  2469 | D:4      | Succumbed to a kobold's poison

Levels and vault maps discovered:
D:1:      psy_arrival_radial02, layout_loops_ring, serial_shops, shop
D:2:      layout_loops_ring, st_stairs_6, uniq_sigmund
D:3:      layout_basic, mainiacjoe_overflow_surrounded_room,
          nicolae_overflow_ecumenical_swirl
D:4:      kennysheep_the_goblin_king, layout_rooms,
          mainiacjoe_overflow_small_starburst, mainiacjoe_overflow_alcove_4,
          ashenzari_conservatory_becter, gammafunk_temple_overflow_elements,
          minmay_temple_entry_mist, grunt_ministairs_2

Skill      XL: |  1  2  3  4  5 |
---------------+----------------+-----
Ranged Weapons | 8 9 |  9.0
Fighting       | 2 |  2.0
Dodging        | |  2.4
Stealth        | |  1.2

Action                     |  1- 3 |  4- 6 || total
---------------------------+-------+-------++-------
   Fire: Shortbow          |    61 |    58 ||   119
    Use: Scroll            |     1 |     4 ||     5
         Potion            |       |     3 ||     3
 Armour: Ring mail         |    13 |    21 ||    34
         Leather armour    |     4 |       ||     4
  Dodge: Dodged            |    25 |    26 ||    51

Table legend:
 A = Non-vault XP
 B = Vault XP
 C = Vault XP percentage of total XP
 D = Non-vault monster count
 E = Vault monster count
 F = Vault count percentage of total count
                 A         B        C        D         E       F
            +---------+---------+-------+---------+---------+-------
      Total |      89 |     233 |  72.4 |      36 |       2 |   5.3
            +---------+---------+-------+---------+---------+-------
        D:1 |      10 |       0 |   0.0 |       6 |       0 |   0.0
        D:2 |      17 |     233 |  93.2 |      10 |       2 |  16.7
        D:3 |      60 |       0 |   0.0 |      19 |       0 |   0.0
        D:4 |       2 |       0 |   0.0 |       1 |       0 |   0.0
            +---------+---------+-------+---------+---------+-------
